 Dungeon Crawl Stone Soup version 0.29.1-4-g47bece8355 (webtiles) character file.

Game seed: 10097051064049124350

2216 cheesebisquit the Cleaver (level 9, -1/71 HPs)
             Began as a Minotaur Berserker on Dec 9, 2022.
             Was an Elder of Trog.
             Killed from afar by a steam dragon (18 damage)
             ... with a ball of steam
             ... on level 6 of the Dungeon.
             The game lasted 00:21:43 (6058 turns).

cheesebisquit the Cleaver (Minotaur Berserker)      Turns: 6058, Time: 00:21:43

Health: -1/71      AC: 10    Str: 26    XL:     9   Next: 13%
Magic:  8/8        EV:  9    Int:  4    God:    Trog [****..]
Gold:   336        SH:  0    Dex: 10    Spells: 8/8 levels left

rFire   . . .      SeeInvis .   w - +1 battleaxe
rCold   + . .      Faith    .   (shield currently unavailable)
rNeg    . . .      Spirit   .   i - +0 chain mail
rPois   .          Reflect  .   (helmet restricted)
rElec   .          Harm     .   (no cloak)
rCorr   .          Rampage  .   u - +0 pair of gloves
Will    .....                   (no boots)
Stlth   ..........              (no amulet)
HPRegen 0.21/turn               c - ring of protection from cold
MPRegen 0.11/turn               s - +4 ring of slaying

@: no status effects
A: horns 2, retaliatory headbutt
a: Renounce Religion, Berserk, Trog's Hand, Brothers in Arms


You were on level 6 of the Dungeon.
You worshipped Trog.
Trog was greatly pleased with you.
You visited 1 branch of the dungeon, and saw 6 of its levels.
You also visited: Ossuary.

You collected 336 gold pieces.

Inventory:

Hand Weapons
 a - a +0 hand axe
 n - a +1 vampiric short sword
 w - a +1 battleaxe (weapon)
Missiles
 p - 13 poisoned darts (quivered)
 G - 3 throwing nets
 I - 3 atropa-tipped darts
Armour
 b - a +0 animal skin
 f - a +1 leather armour of fire resistance
 h - a +0 ring mail
 i - a +0 chain mail (worn)
 u - a +0 pair of gloves (worn)
Jewellery
 c - a ring of protection from cold (left hand)
 s - a +4 ring of slaying (right hand)
 D - a ring of positive energy
Wands
 q - a wand of iceblast (8)
 E - a wand of flame (20)
Scrolls
 d - 4 scrolls of identify
 l - 2 scrolls of enchant weapon
 o - a scroll of blinking {unknown}
 x - a scroll of poison {unknown}
 y - a scroll of torment {unknown}
 F - a scroll of magic mapping {unknown}
 H - a scroll of fog {unknown}
 J - a scroll of fear {unknown}
Potions
 e - 4 potions of brilliance
 g - a potion of invisibility
 j - a potion of ambrosia
 k - a potion of degeneration
 m - a potion of magic
 r - 2 potions of might
 t - a potion of heal wounds
 v - 5 potions of curing
 z - a potion of attraction
 A - a potion of haste {unknown}
 B - a potion of lignification {unknown}
 C - a potion of flight {unknown}


   Skills:
 - Level 3.8 Fighting
 + Level 14.5 Axes
 - Level 2.6 Armour
 - Level 2.4 Dodging


You had 8 spell levels left.
You didn't know any spells.
Your spell library was empty.

Dungeon Overview and Level Annotations

Branches:
Dungeon (6/15)            Ossuary (visited)
 Temple: D:4-7

Altars:
Nemelex Xobeh
Trog


Innate Abilities, Weirdness & Mutations

You have a pair of horns on your head.
You reflexively headbutt those who attack you in melee.


Message History

You closely miss the iguana. You headbutt the iguana.
The iguana is heavily wounded.
The iguana bites you but does no damage.
You barely miss the iguana.
The iguana is heavily wounded.
You hit the steam dragon.
The steam dragon bites you but does no damage.
The steam dragon barely misses you. The iguana closely misses you.
You furiously retaliate!
You headbutt the iguana! You slice the iguana!!
You kill the iguana!
Trog accepts your kill.
You slash the steam dragon! The steam dragon closely misses you.
The steam dragon claws you.
You hit the steam dragon.
The steam dragon is severely wounded.
The steam dragon misses you.
The steam dragon claws you but does no damage.
You barely miss the steam dragon. Your headbutt misses the steam dragon.
The steam dragon is severely wounded.
The steam dragon bites you but does no damage.
The steam dragon claws you but does no damage.
An adder comes into view.
You barely miss the steam dragon.
The steam dragon is severely wounded.
The steam dragon breathes steam at you. The ball of steam hits you!
You hear a shout! x2; You hear an angry hiss.
You hear a shout! x2
You hit the steam dragon.
The steam dragon is almost dead.
You are engulfed in a cloud of scalding steam.
The steam dragon bites you.
* * * LOW HITPOINT WARNING * * *
The steam dragon claws you but does no damage.
You closely miss the steam dragon. You headbutt the steam dragon.
The steam dragon is almost dead.
You are engulfed in a cloud of scalding steam.
The steam dragon breathes steam at you. The ball of steam hits you!!
You die...

......##....#.##
..# ....#
##.....###.###
#.#
#.###.....>#.....
# #.............#
#............##
.......###..##
..###### #.## .
####§§# #.†@.§#
...)..D####
......O .......
....S.. .......
....... ....##.


You could see a steam dragon (catching breath), an ogre and an adder.

Vanquished Creatures
  The ghost of ZoeForever1 the Grasshopper, a novice GnWr of Qazlal (D:5)
  Eustachio (D:5)
  A water moccasin (D:5)
  An ice beast (D:5)
  An ogre (D:5)
  2 phantoms (D:5)
  A bullfrog (D:5)
  3 scorpions
  4 necrophages
  A water moccasin zombie (D:5)
  3 hounds
  3 jellies
  A bullfrog skeleton (D:5)
  2 orc priests
  A centaur skeleton (D:5)
  3 iguanas
  12 mummies (Ossuary)
  5 gnolls
  11 adders
  A white imp (D:5)
  2 worms (D:2)
  3 dart slugs
  16 orcs
  3 endoplasms
  3 giant cockroaches
  7 goblins
  9 hobgoblins
  6 jackals (D:2)
  3 quokkas
  4 ball pythons
  3 bats
  4 frilled lizards
  3 gnoll skeletons (Ossuary)
  9 kobolds
  4 kobold skeletons (Ossuary)
  An orc skeleton (Ossuary)
  6 rats
  11 rat skeletons (Ossuary)
155 creatures vanquished.

Vanquished Creatures (others)
  4 plants (D:6)
4 creatures vanquished.

Grand Total: 159 creatures vanquished

Notes
Turn   | Place    | Note
-------+----------+-------------------------------------------
     0 | D:1      | cheesebisquit the Minotaur Berserker began the quest for
                  | the Orb.
     0 | D:1      | Reached XP level 1. HP: 19/19 MP: 0/0
   146 | D:1      | Reached XP level 2. HP: 24/27 MP: 1/1
   384 | D:1      | Reached skill level 4 in Axes
   891 | D:2      | Reached XP level 3. HP: 32/33 MP: 2/2
   933 | D:2      | Found a faded altar of an unknown god.
   936 | D:2      | Reached ** piety under Trog
  1069 | D:2      | Reached skill level 5 in Axes
  1369 | D:2      | Reached XP level 4. HP: 36/40 MP: 3/3
  1657 | D:2      | Found a sparkling altar of Nemelex Xobeh.
  1874 | D:3      | Reached skill level 6 in Axes
  1989 | D:3      | Reached XP level 5. HP: 42/46 MP: 4/4
  2356 | D:3      | Reached *** piety under Trog
  2645 | D:4      | Reached skill level 7 in Axes
  2737 | D:4      | Reached skill level 8 in Axes
  2737 | D:4      | Reached XP level 6. HP: 43/52 MP: 5/5
  3030 | D:4      | Found a bloodstained altar of Trog.
  3044 | D:4      | Reached skill level 9 in Axes
  3170 | D:4      | Found a sand-covered staircase.
  3180 | Ossuary  | Entered an ossuary
  3240 | Ossuary  | Reached XP level 7. HP: 58/58 MP: 6/6
  3413 | Ossuary  | Reached **** piety under Trog
  4095 | D:5      | Entered Level 5 of the Dungeon
  4100 | D:5      | Reached skill level 10 in Axes
  4288 | D:5      | Found a transporter.
  4290 | D:5      | Noticed ZoeForever1's ghost (novice GnWr)
  4395 | D:5      | Reached skill level 11 in Axes
  4429 | D:5      | Reached XP level 8. HP: 57/66 MP: 7/7
  4552 | D:5      | Found a transporter.
  4751 | D:5      | Reached skill level 12 in Axes
  5461 | D:5      | Noticed Eustachio
  5469 | D:5      | Killed Eustachio
  5470 | D:5      | Reached skill level 13 in Axes
  5963 | D:5      | Killed ZoeForever1's ghost
  5964 | D:5      | Reached skill level 14 in Axes
  5964 | D:5      | Reached XP level 9. HP: 71/71 MP: 8/8
  6058 | D:6      | Killed from afar by a steam dragon

Illustrated notes

Levels and vault maps discovered:
D:1:      dpeg_arrival_windows_large_door, layout_loops_ring, feat_on_display
D:2:      layout_basic, hellmonk_ecumenical_altar_prayer_group, basic_altar
D:3:      layout_basic
D:4:      layout_loops_ring, trog_three_pillars_becter,
          chequers_ossuary_entry_cave, minmay_stone_trees_small, minmay_bent
D:5:      minmay_razor_zed, layout_layer_cave, gammafunk_ghost_mausoleum,
          uniq_eustachio
D:6:      layout_cave_pools, nicolae_grassy_gnolls

Skill      XL: |  1  2  3  4  5  6  7  8 |
---------------+-------------------------+-----
Axes           | 4 5 6 8 9 11 14 | 14.5
Fighting       | |  3.8
Armour         | |  2.6
Dodging        | |  2.4

Action                   |  1- 3 |  4- 6 |  7- 9 || total
-------------------------+-------+-------+-------++-------
Melee: Hand axe          |    91 |    84 |       ||   175
       Headbutt          |    13 |     8 |    24 ||    45
       Battleaxe         |       |    26 |   131 ||   157
Invok: Berserk           |       |     1 |     3 ||     4
       Trog's Hand       |       |       |     1 ||     1
  Use: Scroll            |       |       |    11 ||    11
       Potion            |       |       |     1 ||     1
Armor: Animal skin       |     3 |       |       ||     3
       Chain mail        |    15 |    50 |    52 ||   117
       Leather armour    |    10 |       |       ||    10
       Ring mail         |     2 |       |       ||     2
Dodge: Dodged            |    66 |    43 |    33 ||   142
